 Dungeon Crawl Stone Soup version 0.31-a0-1300-gb6740aa4e6 (webtiles) character file.

Game seed: 3940166663750858501

2134 night the Fighter (level 9, -6/74 HPs)
             Began as a Djinni Summoner on Dec 18, 2023.
             Was an Initiate of Yredelemnul.
             Killed by divine providence
             ... invoked by an orc priest
              (14 damage)
             ... on level 7 of the Dungeon.
             The game lasted 00:26:52 (8074 turns).

night the Fighter (Djinni Summoner)                 Turns: 8074, Time: 00:26:52

Health: -6/74      AC:  4    Str:  7    XL:     9   Next: 55%
Gold:   299        EV: 11    Int: 21    God:    Yredelemnul [......] SH:  0 Dex: 14

rFire   + + +        G - +5 Force Lance {heavy, knockback}
rCold   x . .        (no shield)
rNeg    . . .        C - +1 leather armour of the Snake Pit {rF+ Will+}
rPois   ∞            (no helmet)
rElec   .            (no cloak)
rCorr   .            (no gloves)
SInv    .            (boots unavailable)
Will    +....        (no amulet)
Stlth   ++           (no ring)
HPRegen 0.32/turn    (no ring)
MPRegen 0.00/turn

%: infuse magic (-7 HP)
@: flying
A: sickness immunity, fire resistance 2, cold vulnerability 1, float, innate
caster, HP casting, extra vitality 1
a: Renounce Religion, Recall Undead Harvest


You were on level 7 of the Dungeon.
You worshipped Yredelemnul.
Yredelemnul was noncommittal.
You visited 2 branches of the dungeon, and saw 8 of its levels.

You collected 332 gold pieces.
You donated 33 gold pieces to Zin.

Inventory:

Hand Weapons
 m - a +0 dagger
 w - a +0 rapier
 x - a +0 falchion of freezing
 G - the +5 Force Lance (weapon) {heavy, knockback}
   (You found it on level 7 of the Dungeon)
Missiles
 o - 23 stones
 q - 21 poisoned darts
 v - 6 atropa-tipped darts
Armour
 a - a +0 robe
 C - the +1 leather armour of the Snake Pit (worn) {rF+ Will+}
   (You took it off a gnoll on level 5 of the Dungeon)

   rF+:       It protects you from fire.
   Will+:     It increases your willpower.
Jewellery
 g - a ring of fire
Wands
 n - a wand of flame (20)
 B - a wand of iceblast (11)
 E - a wand of quicksilver (4)
Scrolls
 d - 3 scrolls of teleportation {unknown}
 e - 5 scrolls of identify {unknown}
 f - 4 scrolls of amnesia {unknown}
 h - a scroll of poison {unknown}
 j - a scroll of fear {unknown}
 p - a scroll of silence {unknown}
 y - 2 scrolls of immolation {unknown}
 D - 2 scrolls of noise {unknown}
 F - a scroll of enchant armour {unknown}
 H - a scroll of blinking {unknown}
Potions
 b - 3 potions of curing {unknown}
 c - a potion of resistance {unknown}
 i - a potion of attraction {unknown}
 k - 2 potions of lignification {unknown}
 l - 2 potions of heal wounds {unknown}
 r - a potion of mutation {unknown}
 s - 3 potions of enlightenment {unknown}
 t - a potion of degeneration {unknown}
 u - a potion of berserk rage {unknown}
 z - 2 potions of might {unknown}
 A - 2 potions of brilliance {unknown}


   Skills:
 * Level 10.2 Fighting
 - Level 2.1 Dodging
 - Level 1.5 Stealth
 + Level 5.7 Spellcasting
 + Level 5.7 Conjurations
 + Level 5.7 Hexes
 + Level 5.7 Summonings
 + Level 5.7 Necromancy
 + Level 5.7 Translocations
 + Level 5.7 Transmutations
 + Level 5.7 Fire Magic
 + Level 5.7 Ice Magic
 + Level 5.7 Air Magic
 + Level 5.7 Earth Magic
 + Level 5.7 Poison Magic


You knew the following spells:

 Your Spells              Type           Power      Damage    Failure   Level
a - Summon Small Mammal   Summ           100%       N/A       1%          1
b - Call Imp              Summ           60%        N/A       2%          2
c - Call Canine Familiar  Summ           30%        N/A       4%          3
d - Summon Guardian Gole  Hex/Summ       30%        N/A       4%          3
e - Summon Lightning Spi  Summ/Air       30%        N/A       14%         4
f - Shock                 Conj/Air       100%       1d9       1%          1
g - Wereblood             Tmut           30%        N/A       2%          2
h - Sigil of Binding      Hex            30%        N/A       4%          3
i - Dispel Undead         Necr           30%        3d14      14%         4
Your spell library was empty.

Dungeon Overview and Level Annotations

Branches:
Dungeon (7/15)             Temple (1/1) D:6

Altars:
Ashenzari
Elyvilon
Fedhas
Gozag
Hepliaklqana
Makhleb
Nemelex Xobeh
Okawaru
Ru
Trog
Uskayaw
Yredelemnul
Zin
Ignis


Innate Abilities, Weirdness & Mutations

You are immune to sickness and miasma.
You are immune to poison.
Your flesh is very heat resistant. (rF++)
You are vulnerable to cold. (rC-)
You float through the air rather than walking.
You learn spells naturally, not from books.
Your magical power is your life essence.
You have superior vitality. (+4 MHP)


Message History

The wight hits your guardian golem but does no damage.
Flame seeps out of your guardian golem.
Your inugami hits the wight!
Your guardian golem is engulfed in blazing flames.
Flame seeps out of your guardian golem.
The wight completely misses your inugami.
The wight hits your guardian golem with a +5 hand axe.
Flame seeps out of your guardian golem.
Your inugami hits the wight.
The wight is destroyed!
Your guardian golem is engulfed in blazing flames.
Flame seeps out of your guardian golem.
Your inugami hits the orc priest. The orc priest misses your inugami.
The orc priest hits your guardian golem with a +0 hand axe.
Your guardian golem disappears in a puff of smoke!
Your guardian golem explodes!
The fiery explosion engulfs the orc priest!!!
The orc priest dies!
The fiery explosion engulfs your inugami!!
The dead are walking!
Your inugami is engulfed in blazing flames.
Your inugami dies!
Your inugami disappears in a puff of smoke!
Your orc priest zombie misses the orc priest.
The orc priest hits you from afar with a +0 trident!
* * * LOW HITPOINT WARNING * * *
Your orc priest zombie barely misses the orc priest.
The orc priest hits your orc priest zombie with a +0 trident.
Your orc priest zombie hits the orc priest but does no damage.
The orc priest hits your orc priest zombie with a +0 trident.
The orc priest hits your orc priest zombie with a +0 trident!
Your orc priest zombie hits the orc priest but does no damage.
You start resting.
Your familiar recovers from its injuries.
The orc priest mumbles some strange prayers to Beogh against you.
You easily resist.
The orc priest invokes the aid of Beogh against you.
Beogh smites you!
You die...
Your body rises from the dead as a mindless zombie.

###########################
...........@.....oz......>#
###################o#####.#
#.# #§#####.#.# #Zo.zoo...#
#######z### ... #z##


#oz You could see a wight and an orc priest.

Vanquished Creatures
  A water moccasin (D:7)
  A bullfrog (D:7)
  A hound (D:4)
  An orc priest (D:3)
  An iguana (D:6)
  3 orc wizards
  A sleepcap (D:6)
  A gnoll (D:7)
  An adder (D:6)
  2 orcs
  A giant cockroach (D:3)
  A goblin (D:1)
  A ball python (D:4)
  A bat (D:3)
  A frilled lizard (D:1)
18 creatures vanquished.

Vanquished Creatures (collateral kills)
  A black bear (D:4)
  A centaur (D:7)
  A phantom (D:7)
  A scorpion (D:4)
  A wight (D:7)
  2 hounds
  A gnoll bouda (D:7)
  5 jellies
  3 orc priests
  3 iguanas (D:5)
  6 orc wizards
  4 gnolls
  6 adders (D:2)
  A nameless horror (D:1)
  3 worms
  5 dart slugs
  18 orcs
  7 ball pythons
  5 bats
  7 endoplasms
  4 giant cockroaches
  6 goblins
  5 hobgoblins
  2 jackals (D:1)
  4 quokkas
  3 frilled lizards
  5 kobolds
  5 rats
115 creatures vanquished.

Vanquished Creatures (others)
  Menkaure (D:7)
  A black bear (D:4)
  An orc warrior (D:6)
  A water moccasin zombie (D:7)
  6 wights (D:7)
  A centaur zombie (D:7)
  An orc priest (D:7)
  A bullfrog zombie (D:7)
  An iguana (D:5)
  A hound zombie (D:7)
  A gnoll (D:7)
  3 gnoll zombies (D:7)
  An orc zombie (D:7)
  An orc (D:5)
21 creatures vanquished.

Grand Total: 154 creatures vanquished

Notes
Turn   | Place    | Note
-------+----------+-------------------------------------------
     0 | D:1      | night the Djinni Summoner began the quest for the Orb.
     0 | D:1      | night set off with the following spells memorised: Summon
                  | Small Mammal, Call Imp, Call Canine Familiar, Summon
                  | Guardian Golem, Summon Lightning Spire.
     0 | D:1      | Reached XP level 1. HP: 15/15 MP: 0/0
    69 | D:1      | Reached skill level 1 in Fighting
    69 | D:1      | Reached XP level 2. HP: 8/22 MP: 0/0
   475 | D:1      | Reached XP level 3. HP: 28/28 MP: 0/0
   475 | D:1      | Learned a level 1 spell: Shock
   531 | D:1      | Reached skill level 2 in Fighting
  1081 | D:2      | Reached XP level 4. HP: 21/34 MP: 0/0
  1145 | D:2      | Reached skill level 3 in Fighting
  1478 | D:2      | Reached XP level 5. HP: 33/40 MP: 0/0
  1478 | D:2      | Learned a level 2 spell: Wereblood
  1768 | D:3      | Reached skill level 4 in Fighting
  1823 | D:3      | Reached XP level 6. HP: 35/48 MP: 0/0
  2802 | D:4      | Noticed a black bear
  2821 | D:4      | Killed a black bear
  2822 | D:4      | Reached skill level 5 in Fighting
  3483 | D:4      | Found an iron altar of Okawaru.
  3590 | D:4      | Noticed a black bear
  3609 | D:4      | Killed a black bear
  3610 | D:4      | Reached XP level 7. HP: 41/55 MP: 0/0
  3610 | D:4      | Learned a level 3 spell: Sigil of Binding
  3747 | D:4      | Reached skill level 6 in Fighting
  4318 | D:5      | Entered Level 5 of the Dungeon
  4512 | D:5      | Identified the +1 leather armour of the Snake Pit {rF+
                  | Will+}
  4912 | D:5      | Reached XP level 8. HP: 34/62 MP: 0/0
  5071 | D:5      | Reached skill level 7 in Fighting
  5873 | D:6      | HP: 4/65 [orc warrior/arrow (9)]
  5882 | D:6      | Reached skill level 8 in Fighting
  5882 | D:6      | Reached skill level 5 in Spellcasting
  5882 | D:6      | Reached skill level 5 in Conjurations
  5882 | D:6      | Reached skill level 5 in Hexes
  5882 | D:6      | Reached skill level 5 in Summonings
  5882 | D:6      | Reached skill level 5 in Necromancy
  5882 | D:6      | Reached skill level 5 in Translocations
  5882 | D:6      | Reached skill level 5 in Transmutations
  5882 | D:6      | Reached skill level 5 in Fire Magic
  5882 | D:6      | Reached skill level 5 in Ice Magic
  5882 | D:6      | Reached skill level 5 in Air Magic
  5882 | D:6      | Reached skill level 5 in Earth Magic
  5882 | D:6      | Reached skill level 5 in Poison Magic
  6372 | D:6      | Found a staircase to the Ecumenical Temple.
  6406 | Temple   | Entered the Ecumenical Temple
  6467 | Temple   | Became a worshipper of Zin the Law-Giver
  6467 | Temple   | Reached * piety under Zin
  6690 | Temple   | Fell from the grace of Zin
  6690 | Temple   | Became a worshipper of Yredelemnul the Dark
  7208 | D:7      | Reached XP level 9. HP: 57/71 MP: 0/0
  7208 | D:7      | Learned a level 4 spell: Dispel Undead
  7317 | D:7      | Reached skill level 9 in Fighting
  7447 | D:7      | Noticed Menkaure
  7467 | D:7      | Killed Menkaure
  7473 | D:7      | Reached * piety under Yredelemnul
  7486 | D:7      | Reached skill level 10 in Fighting
  7729 | D:7      | HP: 10/74 [orc priest/divine providence (13)]
  7736 | D:7      | HP: 4/74 [orc priest/divine providence (8)]
  8053 | D:7      | HP: 9/74 [orc priest/divine providence (12)]
  8062 | D:7      | HP: 4/74 [orc priest/+0 trident (7)]
  8074 | D:7      | Killed from afar by an orc priest

Illustrated notes

Levels and vault maps discovered:
D:1:      elethiomel_arrival_maze, layout_basic
D:2:      layout_rooms, minmay_misc_feat_four_crosses
D:3:      layout_basic, kennysheep_boxes
D:4:      layout_layer_cave, mainiacjoe_overflow_alcove_2
D:5:      layout_gridville, kiku_gazebo_pond_becter, serial_bayou,
          serial_bayou_pond_e, serial_bayou_lagoon_a, serial_bayou_pond_c,
          serial_bayou_pond_d, minmay_misc_feat_tiny,
          nicolae_elevator_lobby_plus
D:6:      layout_cave_pods, minmay_temple_entry_grid, kennysheep_generic_room_8
D:7:      layout_basic, uniq_menkaure
Temple:   pdpol_scorched_temple

Skill      XL: |  1  2  3  4  5  6  7  8  9 |
---------------+----------------------------+-----
Fighting       | 1 2 3 4 5 6 8 10 | 10.2
Spellcasting   | 4 5 |  5.7
Conjurations   | 4 5 |  5.7
Hexes          | 4 5 |  5.7
Summonings     | 4 5 |  5.7
Necromancy     | 4 5 |  5.7
Translocations | 4 5 |  5.7
Transmutations | 4 5 |  5.7
Fire Magic     | 4 5 |  5.7
Ice Magic      | 4 5 |  5.7
Air Magic      | 4 5 |  5.7
Earth Magic    | 4 5 |  5.7
Poison Magic   | 4 5 |  5.7
Dodging        | |  2.1
Stealth        | |  1.5

Action                     |  1- 3 |  4- 6 |  7- 9 || total
---------------------------+-------+-------+-------++-------
  Melee: Unarmed           |    24 |       |       ||    24
         Punch             |     1 |     1 |       ||     2
         Dagger            |       |    13 |       ||    13
         Falchion          |       |    21 |    59 ||    80
         Rapier            |       |     1 |       ||     1
         Lance             |       |       |    11 ||    11
   Cast: Summon Small Mamm |    18 |    16 |    20 ||    54
         Call Imp          |     8 |    12 |    14 ||    34
         Call Canine Famil |     7 |    25 |    43 ||    75
         Summon Guardian G |       |     4 |    20 ||    24
         Wereblood         |       |     1 |       ||     1
         Summon Lightning  |       |       |     1 ||     1
   Stab: Sleeping          |       |     1 |       ||     1
         Distracted        |       |       |     3 ||     3
 Armour: Robe              |    38 |    24 |    13 ||    75
         Leather armour    |       |       |    78 ||    78
  Dodge: Dodged            |    47 |    32 |    56 ||   135

Table legend: (Time is in decaauts)
 A = Elapsed time spent in this place.
 B = Non-inter-level travel time spent in this place.
 C = Inter-level travel time spent in this place.
 D = Time resting spent in this place.
 E = Time spent auto-exploring this place.
 F = Levels seen in this place.
 G = Mean time per level.
                   A        B        C        D        E       F      G
               +--------+--------+--------+--------+--------+-----+--------+
         Total |   8109 |   7848 |    261 |    729 |   5362 |   8 | 1013.6 |
       Dungeon |   8011 |   7772 |    239 |    729 |   5362 |   7 | 1144.4 |
        Temple |     98 |     76 |     22 |      0 |      0 |   1 |   98.0 |
               +--------+--------+--------+--------+--------+-----+--------+

Top non-repeatable levels by time:
     D:4: 1561 daAuts
     D:6: 1521 daAuts
     D:5: 1410 daAuts
     D:3: 1114 daAuts
     D:1: 986 daAuts
     D:7: 753 daAuts
     D:2: 663 daAuts
  Temple: 98 daAuts
